Map: Dead of Night

Players

NamroodTuo

  • Race: Zerg Zerg

Stefan

  • Race: Terran Terran
  • Spawn Location: 0:00

VOD

Have the link to the VOD?

Description

Time

  • Played on: May 2, 2023, 3:21 a.m.
  • Length: 24:10
Show
View Real Time Build Order
Export as new Build Order

NamroodTuo Zerg 

Build Orders:  

Get SALT Encoding   

  12  0:19  Infested Barracks  
  12  0:31  Infested SCV  
  13  0:48  Infested SCV  
  14  0:50  Overlord  
  14  0:59  Infested SCV  
  15  1:05  Overlord  
  15  1:17  Infested SCV  
  16  1:31  Infested SCV x2  
  18  1:44  Infested SCV  
  19  1:52  Infested Engineering Bay  
  19  1:54  Infested SCV  
  20  2:09  Infested Refinery  
  20  2:12  Infested SCV  
  21  2:31  Overlord  
  21  2:43  Infested SCV  
  22  2:51  Infested Bunker  
  26  3:05  Infestation Level 1  
  26  3:19  Infested Barracks Tech Lab  
  26  3:22  Infested SCV  
  26  3:24  Infested SCV  
  28  3:33  Overlord  
  28  4:02  Infested Marine  
  28  4:03  Infested Marine x13  
  28  4:09  Retinal Augmentation  
  42  4:29  Infested Missile Turret  
  41  4:43  Infested Refinery  
  41  4:54  Infested Factory  
  41  5:05  Anaerobic Enhancement  
  45  5:10  Infested Bunker  
  45  5:13  Infested SCV x2  
  47  5:20  Infested SCV  
  47  5:25  Overlord  
  35  6:04  Infested Marine  
  35  6:05  Infested Marine x5  
  35  6:07  Infested Marine  
  35  6:08  Infested Marine x2  
  48  6:10  Infested Bunker  
  48  6:27  Infested Factory Tech Lab  
  48  6:46  Infested Missile Turret  
  48  6:53  Plagued Munitions  
  48  6:59  Infestation Level 2  
  48  7:21  Infested Missile Turret  
  48  7:25  Infested Marine  
  48  7:26  Infested Marine x6  
  55  7:32  Overlord  
  55  7:49  Infested Missile Turret  
  53  7:51  Infested SCV x3  
  53  7:54  Overlord  
  51  8:04  Infested Siege Tank  
  52  8:24  Infested Armory  
  52  8:28  Automated Mitosis  
  52  8:31  Infested SCV x2  
  52  8:32  Infested SCV  
  52  8:36  Overseer  
  55  8:40  Overseer  
  55  8:53  Overseer  
  55  8:54  Overseer x3  
  49  9:22  Infested SCV x2, Infested Refinery  
  49  9:23  Infested SCV  
  51  9:39  Stukov Vehicle and Ship Weapons Level 1  
  51  10:03  Infested SCV x2  
  51  10:04  Infested SCV  
  54  10:14  Unknown  
  54  10:19  Infested Siege Tank  
  57  10:42  Infested Missile Turret  
  61  10:50  Infested Siege Tank  
  64  11:14  Infested Bunker  
  64  11:22  Infested Siege Tank  
  64  11:23  Infested Siege Tank  
  67  12:19  Stukov Vehicle and Ship Armor Level 1  
  66  12:45  Infested SCV  
  66  12:46  Infested SCV x2  
  69  12:51  Overlord  
  69  12:52  Overlord  
  69  12:53  Aggressive Incubation  
  69  12:59  Infestation Level 3  
  69  13:05  Stukov Infantry Weapons Level 1  
  66  13:36  Infested Bunker  
  67  13:57  Infested Marine  
  67  13:58  Infested Marine x6  
  67  13:59  Infested Marine x13  
  85  14:15  Overlord x4  
  85  14:23  Infested Missile Turret  
  81  14:59  Stukov Vehicle and Ship Weapons Level 2, Broodling Gestation  
  62  15:28  Infested Siege Tank x5  
  77  15:36  Infested SCV x4  
  77  15:39  Infested SCV  
  82  15:45  Stukov Infantry Armor Level 1, Overseer x2  
  76  16:25  Infested Bunker  
  80  17:09  Infested Siege Tank x3  
  89  17:12  Infested Siege Tank  
  92  18:09  Stukov Vehicle and Ship Armor Level 2  
  92  18:25  Regenerative Plating  
  92  18:33  Infested Siege Tank x2  
  92  18:34  Infested Siege Tank x3  
  107  19:05  Infested Diamondback  
  110  19:25  Calcified Armor  
  98  20:03  Infested Siege Tank  
  98  20:04  Infested Siege Tank, Infested Diamondback  
  101  20:25  Stukov Infantry Weapons Level 2  
  101  20:55  Overlord  
  101  20:56  Overlord x4  
  91  21:38  Infested Siege Tank, Infested Diamondback  
  91  21:39  Infested Siege Tank, Infested Diamondback  
  97  21:40  Infested Siege Tank  
  100  22:00  Infested Diamondback  
  103  22:41  Infested Siege Tank x2  
  109  23:16  Infested SCV  
  109  23:17  Infested SCV  
  111  23:25  Infested Diamondback  
Show
View Real Time Build Order
Export as new Build Order

Stefan Terran 

Build Orders:  

Get SALT Encoding   

  12  0:21  SCV  
  13  0:34  Supply Depot  
  13  0:41  SCV  
  14  0:53  Factory  
  14  0:54  SCV  
  15  1:08  SCV  
  16  1:13  Refinery  
  16  1:21  SCV  
  17  1:35  SCV  
  18  1:41  Refinery  
  18  1:48  SCV  
  19  2:02  SCV  
  20  2:17  Supply Depot  
  20  2:18  SCV  
  21  2:34  SCV  
  22  2:48  SCV  
  23  2:50  Starport  
  23  3:01  SCV  
  24  3:15  SCV  
  25  3:28  SCV  
  26  3:32  Starport  
  26  3:35  Starport Tech Reactor  
  26  3:42  SCV  
  27  3:53  Supply Depot  
  27  3:56  SCV  
  28  4:07  Wraith  
  30  4:10  Pulse Amplifier  
  30  4:13  Starport Tech Reactor  
  30  4:16  SCV  
  31  4:29  SCV  
  31  4:33  Wraith  
  34  4:40  Displacement Field  
  34  4:43  SCV  
  35  4:54  Science Vessel  
  35  4:56  SCV  
  38  5:10  SCV  
  38  5:12  Supply Depot  
  38  5:17  Improved Nano-Repair  
  39  5:31  SCV, Armory  
  39  5:38  Wraith  
  42  5:48  Wraith  
  44  5:50  SCV  
  45  6:06  Wraith  
  47  6:13  Supply Depot  
  47  6:29  Science Vessel  
  49  6:31  Refinery  
  49  6:46  Wraith  
  49  6:48  Wraith  
  53  7:00  Upgrade Laser Drill Level 1  
  53  7:05  SCV  
  53  7:09  Defensive Matrix  
  54  7:29  Supply Depot  
  54  7:41  Regenerative Bio-Steel  
  54  8:26  Wraith x2  
  54  8:27  Wraith x2  
  62  8:37  SCV  
  63  8:41  Supply Depot  
  63  9:20  Wraith x4  
  63  9:23  Terran Vehicle And Ship Armor Level 1  
  71  9:30  Supply Depot  
  71  10:20  Wraith x2  
  71  10:21  Wraith x2  
  71  10:28  Supply Depot  
  79  10:48  Supply Depot  
  79  11:06  Upgrade Laser Drill Level 2  
  75  11:42  Armory  
  75  11:44  Wraith x4  
  83  12:10  Terran Vehicle And Ship Armor Level 2  
  83  12:24  Wraith x4  
  83  12:28  Terran Vehicle and Ship Weapons Level 1  
  91  12:36  Supply Depot  
  91  12:58  Supply Depot  
  91  13:04  Wraith  
  91  14:36  Wraith x4  
  99  14:43  Supply Depot  
  92  15:15  Wraith  
  92  15:16  Wraith  
  96  15:52  Wraith x2  
  96  15:55  Wraith  
  96  15:56  Terran Vehicle and Ship Weapons Level 2  
  96  15:58  Terran Vehicle And Ship Armor Level 3  
  102  16:03  Supply Depot  
  102  16:11  SCV  
  103  16:24  SCV  
  103  16:25  Supply Depot  
  104  16:38  SCV  
  63  21:49  Wraith x4  
  71  22:29  Wraith x4  
  79  23:09  Wraith x4  
Tags
 
Commander
StukovSwann
Matchup
Co-op
Replay Pack
Multiplayer
Add a new tag
Caveats
  • Supply blocks, unpowered buildings, or Contaminate may cause inaccurate times.
  • Supply counts are checked every 10 seconds.